 Dungeon Sprint DCSS version 0.30-a0-465-g8901f6c8b5 (webtiles) character file.

Game seed: 12281783340809826322

60 rocky1 the Covered (level 3, 0/37 HPs)
             Began as a Minotaur Fighter on Dec 19, 2022.
             Drowned by a water elemental (8 damage)
             ... in the Dungeon (Sprint III: "The Ten Rune Challenge").
             The game lasted 00:00:42 (128 turns).

rocky1 the Covered (Minotaur Fighter)                Turns: 128, Time: 00:00:42

Health: 0/37       AC:  7    Str: 22    XL:     3   Next: 82%
Magic:  2/2        EV:  9    Int:  5    God:
Gold:   16         SH:  5    Dex:  9    Spells: 2/2 levels left

rFire   . . .      SeeInvis .    a - +0 flail
rCold   . . .      Faith    .    c - +0 buckler
rNeg    . . .      Spirit   .    b - +0 scale mail
rPois   .          Reflect  .    (helmet restricted)
rElec   .          Harm     .    (no cloak)
rCorr   .          Rampage  .    (no gloves)
Will    .....      NoTele   +    (no boots)
Stlth   ..........               (no amulet)
HPRegen 0.26/turn                (no ring)
MPRegen 0.08/turn                (no ring)

@: engulfed (cannot breathe)
A: horns 2, retaliatory headbutt
a: no special abilities


You were in the Dungeon.
You visited 1 branch You collected 16 gold pieces.

Inventory:

Hand Weapons
 a - a +0 flail (weapon)
Armour
 b - a +0 scale mail (worn)
 c - a +0 buckler (worn)
Scrolls
 j - a scroll of blinking
 l - 2 scrolls of torment {unknown}
 m - 4 scrolls of identify
Potions
 d - a potion of might
 e - a potion of curing
 f - a potion of heal wounds
 g - a potion of haste
 h - 2 potions of magic
 i - a potion of berserk rage
 k - 4 potions of mutation {unknown}
 n - 3 potions of flight


   Skills:
 + Level 6.0 Fighting
 + Level 3.9 Maces & Flails
 + Level 6.2 Armour
 + Level 0.1 Dodging
 + Level 5.9 Shields


You had 2 spell levels left.
You didn't know any spells.
Your spell library was empty.

Dungeon Overview and Level Annotations

Branches:
Dungeon (1/1)

Altars:


Innate Abilities, Weirdness & Mutations

You have a pair of horns on your head.
You reflexively headbutt those who attack you in melee.


Message History

The wolf bites you. The wolf barely misses you. You furiously retaliate!
You headbutt the wolf!
You kill the wolf!
Your Fighting skill increases to level 6!
Your Armour skill increases to level 6!
You see here a wolf corpse.
You start resting.
HP restored.
As you open the door, it creaks loudly!
Found 16 gold pieces and 2 gluggy clear potions.
There is an open door here.
You now have 7 gold pieces.
k - a gluggy clear potion;
l - a scroll labelled OFRYUCAAME
m - 2 scrolls of identify;
k - 2 gluggy clear potions (gained 1)
n - a potion of flight
k - 3 gluggy clear potions (gained 1)
l - 2 scrolls labelled OFRYUCAAME (gained 1)
m - 4 scrolls of identify (gained 2);
k - 4 gluggy clear potions (gained 1)
n - 3 potions of flight (gained 2)
You now have 16 gold pieces (gained 9).
There is an open door here.
You open the door.
A water elemental comes into view.
You closely miss the water elemental. The water elemental hits you.
The water elemental engulfs you in water!
You block the water elemental's attack.
You hit the water elemental.
The water elemental is lightly damaged.
Your lungs strain for air!
The water elemental hits you!
You completely miss the water elemental.
You headbutt the water elemental!
The water elemental is heavily damaged.
* * * LOW HITPOINT WARNING * * *
Your lungs strain for air!
The water elemental barely misses you.
Unknown command.
You hit the water elemental.
The water elemental is severely damaged.
You die...

▓▓▓▓▓▓▓▓ ▓▓▓ <..#[..####
##.# ...#......#####..#
..##....)..#..#..#
##.##.##...#..#..# #+#+#
##.##.###..##'#..#......
#.####.##..###..@E.⌠....
.###..##..####...#...###
#.....##..###....# ⌠.#
###†.##...##.....# .#
#..##....#..†...# #
#..###..##.#.....# #[.
#.. ####....# ▓▓▓ ▓▓▓
▓▓▓▓▓▓


You could see a water elemental.

Vanquished Creatures
  Jessica (D)
  A human (D)
  A wolf (D)
  An endoplasm (D)
  2 rats (D)
6 creatures vanquished.

Notes
Turn   | Place    | Note
-------+----------+-------------------------------------------
     0 | D        | rocky1 the Minotaur Fighter began the quest for the Orb.
     0 | D        | Reached XP level 1. HP: 19/19 MP: 0/0
    22 | D        | Noticed Jessica
    25 | D        | Killed Jessica
    26 | D        | Reached skill level 5 in Fighting
    26 | D        | Reached skill level 5 in Armour
    26 | D        | Reached skill level 5 in Shields
    26 | D        | Reached XP level 2. HP: 29/29 MP: 1/1
    32 | D        | Reached XP level 3. HP: 36/36 MP: 2/2
   123 | D        | Noticed a water elemental
   128 | D        | Drowned by a water elemental

Illustrated notes

Levels and vault maps discovered:
D:        dungeon_sprint_mu [sprint_mu_entry_cave, sprint_mu_temple_rooms,
          sprint_mu_d1_horrors, sprint_mu_d2_genie, sprint_mu_d3_branching,
          sprint_mu_orc_legion, sprint_mu_elf_gauntlet, sprint_mu_hive_nellie,
          sprint_mu_lair_fedhas, sprint_mu_vaults_butterflies,
          sprint_mu_slime_circle, sprint_mu_swamp_cave, sprint_mu_shoals_kraken,
          sprint_mu_blade_basic, sprint_mu_crypt_chambers,
          sprint_mu_tomb_spiral, sprint_mu_vestibule_basic,
          sprint_mu_gehenna_hellfire, sprint_mu_dis_giant,
          sprint_mu_tartarus_statrot, sprint_mu_cocytus_islands, sprint_mu_zot1]

Skill      XL: |  1  2  3 |
---------------+----------+-----
Fighting       | 5 6 |  6.0
Armour         | 5 6 |  6.2
Shields        | 5 |  5.9
Maces & Flails | 3 |  3.9
Dodging        | |  0.1

Action                   || total
-------------------------++-------
Melee: Flail             ||    27
       Headbutt          ||     5
Armor: Scale mail        ||     7
Dodge: Dodged            ||    10
Block: Buckler           ||     7

Table legend: (Time is in decaauts)
 A = Elapsed time spent in this place.
 B = Non-inter-level travel time spent in this place.
 C = Inter-level travel time spent in this place.
 D = Time resting spent in this place.
 E = Time spent auto-exploring this place.
 F = Levels seen in this place.
 G = Mean time per level.
                   A        B        C        D        E       F      G
               +--------+--------+--------+--------+--------+-----+--------+
         Total |    135 |    135 |      0 |     39 |      0 |   1 |  135.0 |
       Dungeon |    135 |    135 |      0 |     39 |      0 |   1 |  135.0 |
               +--------+--------+--------+--------+--------+-----+--------+

Top non-repeatable levels by time:
       D: 135 daAuts
